Map: Blackburn LE

Players

DnS

  • Race: Protoss Protoss
  • League: Master

Denver - Winner!

  • Race: Zerg Zerg
  • League: Master

Event: DreamHack SC2 Masters 2021 Summer

VOD

Have the link to the VOD?

Description

Time

  • Played on: May 23, 2021, 11:46 a.m.
  • Length: 8:56

All games in this series

Show
View Real Time Build Order
Export as new Build Order

DnS Protoss 

Build Orders: 1 Gate Expand, Oracle Opening 

Get SALT Encoding   

  12  0:00  Probe  
  13  0:12  Probe  
  14  0:19  Pylon  
  14  0:24  Probe  
  15  0:38  Probe (Chrono Boost)  
  16  0:43  Gateway  
  16  0:46  Probe (Chrono Boost)  
  17  0:52  Probe, Assimilator  
  18  1:04  Probe  
  19  1:16  Probe  
  20  1:27  Nexus  
  20  1:37  Cybernetics Core  
  20  1:41  Probe  
  21  1:47  Assimilator  
  21  1:53  Probe  
  22  1:57  Pylon  
  22  2:05  Probe (Chrono Boost)  
  23  2:12  Stalker (Chrono Boost)  
  23  2:14  Warp Gate  
  25  2:17  Probe (Chrono Boost)  
  26  2:25  Probe (Chrono Boost)  
  27  2:32  Stargate  
  27  2:33  Probe (Chrono Boost)  
  27  2:36  Adept  
  30  2:40  Probe (Chrono Boost)  
  32  2:49  Probe x2 (Chrono Boost)  
  33  2:54  Probe (Chrono Boost)  
  33  2:55  Probe  
  35  3:05  Gateway  
  35  3:07  Probe  
  35  3:08  Adept  
  35  3:10  Probe  
  39  3:14  Oracle (Chrono Boost)  
  42  3:20  Probe  
  42  3:22  Probe  
  44  3:28  Pylon  
  44  3:32  Probe  
  45  3:34  Probe  
  45  3:39  Pylon  
  46  3:43  Oracle (Chrono Boost)  
  46  3:46  Probe  
  50  3:54  Probe  
  51  3:58  Probe  
  51  4:01  Adept  
  51  4:02  Adept  
  56  4:04  Assimilator  
  56  4:06  Probe  
  57  4:10  Probe  
  57  4:12  Pylon  
  57  4:15  Oracle  
  61  4:18  Probe  
  62  4:29  Nexus  
  62  4:30  Probe x2  
  62  4:31  Pylon  
  64  4:35  Assimilator  
  64  4:42  Probe x2  
  66  4:47  Pylon  
  66  4:49  Sentry x2  
  70  4:54  Probe x2  
  72  5:03  Twilight Council  
  72  5:06  Probe x2, Forge  
  70  5:14  Gateway  
  70  5:15  Gateway  
  70  5:16  Adept  
  70  5:18  Probe x2  
  70  5:19  Adept  
  68  5:30  Probe, Protoss Ground Weapons Level 1 (Chrono Boost)  
  68  5:31  Probe  
  67  5:41  Sentry x2  
  72  5:43  Probe x2 (Chrono Boost), Shield Battery  
  72  5:45  Blink (Chrono Boost)  
  72  5:48  Probe (Chrono Boost)  
  73  5:53  Probe x2 (Chrono Boost)  
  73  5:56  Probe (Chrono Boost)  
  73  5:57  Probe (Chrono Boost), Pylon  
  76  5:58  Probe (Chrono Boost)  
  78  6:06  Probe  
  78  6:08  Gateway  
  78  6:09  Probe x2  
  81  6:11  Assimilator  
  81  6:12  Gateway  
  81  6:13  Assimilator  
  81  6:18  Probe  
  81  6:24  Sentry x2  
  88  6:25  Robotics Facility  
  88  6:33  Probe  
  88  6:36  Probe, Gateway  
  88  6:37  Probe  
  88  6:39  Gateway  
  89  6:40  Gateway  
  89  6:41  Pylon  
  89  6:42  Pylon, Sentry  
  89  6:43  Stalker  
  93  6:51  Stalker x2  
  97  6:54  Pylon  
  97  6:55  Pylon  
  97  7:03  Stalker  
  99  7:13  Pylon  
  99  7:14  Observer (Chrono Boost)  
  100  7:21  Stalker x5  
  110  7:29  Warp Prism (Chrono Boost)  
  110  7:32  Robotics Bay  
  110  7:34  Robotics Facility  
  110  7:35  Zealot x3  
  117  8:01  Stalker  
  117  8:02  Stalker x3  
  117  8:03  Nexus  
  122  8:16  Pylon  
  122  8:19  Pylon  
  122  8:25  Pylon  
  134  8:28  Stalker x3  
  134  8:38  Stalker x2  
  134  8:39  Stalker x3  
  120  8:43  Stalker  
  111  8:54  Stalker x2  
Show
View Real Time Build Order
Export as new Build Order

Denver Zerg - Winner!

Build Orders: Hatch First 

Get SALT Encoding   

  12  0:00  Drone  
  13  0:12  Overlord  
  13  0:17  Drone  
  14  0:30  Drone x2  
  16  0:48  Drone  
  17  0:53  Hatchery  
  17  0:55  Drone  
  17  0:58  Drone  
  18  1:09  Extractor  
  17  1:13  Spawning Pool  
  17  1:16  Drone  
  17  1:20  Drone  
  18  1:28  Drone  
  19  1:38  Drone  
  20  1:50  Overlord  
  20  2:01  Queen  
  20  2:05  Queen, Zergling x4  
  26  2:11  Metabolic Boost  
  26  2:13  Drone  
  27  2:16  Drone  
  28  2:23  Drone  
  28  2:28  Drone  
  30  2:43  Hatchery  
  30  2:44  Drone x3  
  30  2:49  Overlord  
  32  2:56  Queen  
  34  2:59  Drone  
  34  3:03  Overlord  
  35  3:08  Drone  
  35  3:12  Drone x3  
  39  3:16  Drone  
  39  3:19  Queen  
  42  3:25  Drone x2  
  44  3:32  Queen  
  46  3:35  Drone, Spore Crawler  
  46  3:42  Drone x4  
  46  3:45  Overlord  
  50  3:49  Zergling x2  
  50  3:51  Drone  
  50  3:55  Drone, Spore Crawler  
  52  3:59  Drone  
  53  4:05  Drone  
  53  4:06  Drone x2, Spore Crawler  
  53  4:08  Zergling x6  
  58  4:14  Roach Warren  
  58  4:15  Zergling x2  
  58  4:18  Zergling x2  
  58  4:22  Zergling x4  
  60  4:28  Zergling x8  
  64  4:33  Lair  
  64  4:34  Overlord  
  64  4:38  Drone  
  66  4:45  Overlord  
  66  4:50  Hatchery  
  65  4:53  Drone x5  
  65  4:56  Drone  
  65  4:59  Drone x2  
  73  5:01  Extractor, Drone x2  
  73  5:02  Overlord  
  73  5:07  Overlord  
  73  5:13  Drone  
  73  5:14  Drone x2, Overlord  
  73  5:16  Extractor x2  
  67  5:21  Roach Warren  
  67  5:22  Drone x4  
  67  5:25  Drone  
  67  5:27  Drone x2  
  70  5:30  Evolution Chamber  
  70  5:31  Drone, Overseer  
  70  5:33  Drone x2  
  72  5:36  Drone x2  
  72  5:38  Extractor  
  72  5:40  Extractor  
  72  5:43  Drone x4  
  72  5:45  Overseer  
  72  5:46  Overlord  
  76  5:51  Drone x2  
  76  5:52  Hydralisk Den  
  77  6:02  Zerg Melee Weapons Level 1  
  77  6:03  Drone x6  
  83  6:08  Drone x3  
  83  6:09  Drone  
  83  6:10  Drone  
  83  6:11  Drone  
  85  6:19  Drone  
  85  6:20  Drone x4  
  89  6:27  Grooved Spines  
  89  6:28  Hydralisk x2  
  89  6:29  Hydralisk  
  94  6:34  Overlord  
  94  6:35  Hydralisk  
  94  6:36  Hydralisk, Baneling Nest  
  96  6:40  Zergling x8  
  96  6:46  Drone x2, Spore Crawler  
  101  6:48  Hydralisk x2  
  101  6:50  Drone x2  
  101  6:51  Drone  
  101  6:53  Pneumatized Carapace  
  108  6:57  Zergling x2  
  108  6:58  Zergling x10  
  108  6:59  Hydralisk, Zergling x2  
  116  7:03  Overlord  
  115  7:08  Hydralisk  
  115  7:09  Zergling x8  
  115  7:11  Overlord x2  
  120  7:19  Overlord  
  120  7:22  Hydralisk x3  
  120  7:23  Hydralisk  
  120  7:25  Overlord  
  120  7:27  Centrifical Hooks  
  126  7:30  Zergling x6  
  126  7:31  Zergling x10  
  126  7:33  Baneling x5  
  126  7:35  Overlord  
  134  7:37  Baneling  
  134  7:38  Baneling x6  
  134  7:39  Muscular Augments  
  134  7:43  Zergling x14  
  141  7:51  Zergling x4  
  141  7:52  Zergling x14  
  141  7:55  Baneling x10  
  142  7:59  Drone x3  
  141  8:08  Drone x2  
  141  8:09  Drone x5  
  145  8:16  Zergling x4  
  145  8:19  Baneling x17  
  147  8:24  Zergling x10  
  146  8:37  Zergling x16  
  146  8:38  Zergling x8  
Tags
 
Add a new tag
Caveats
  • Supply blocks, unpowered buildings, or Contaminate may cause inaccurate times.
  • Supply counts are checked every 10 seconds.